 Dungeon Crawl Stone Soup version 0.32-a0-872-g59262bdc9b (webtiles) character file.

Game seed: 12692034069892431023

2015 Lanoc the Grappler (level 9, -3/103 (132) HPs)
             Began as a Troll Shapeshifter on Mar 30, 2024.
             Was an Initiate of Beogh.
             Killed by divine providence
             ... invoked by Jeremiah
              (14 damage)
             ... on level 6 of the Dungeon.
             The game lasted 00:05:39 (4212 turns).

Lanoc the Grappler (Troll Shapeshifter)             Turns: 4212, Time: 00:05:40

HP:   -3/103 (132)  AC: 28    Str: 28    XL:     9   Next: 2%
MP:   2/2           EV:  1    Int:  6    God:    Beogh [......]
Gold: 384           SH:  0    Dex:  9    Spells: 8/8 levels left

rFire   . . .        A - +8 flail of Dividends {antimagic, Fly}
rCold   . . .        (no shield)
rNeg    . . .        a - melded +0 animal skin
rPois   +            (helmet currently unavailable)
rElec   .            (cloak currently unavailable)
rCorr   .            (gloves unavailable)
SInv    +            (boots unavailable)
Will    .....        (no amulet)
Stlth   +            e - +4 ring of protection
HPRegen 1.17/turn    q - ring of see invisible
MPRegen 0.08/turn

%: no passive effects
@: tree-form, attractive, heavily drained
A: stationary, stasis, torment immunity, boosted hp, large, unfitting armour,
(claws 3), regeneration 1, (shaggy fur 1), (tough skin 1)
a: Renounce Religion


You were on level 6 of the Dungeon.
You worshipped Beogh.
Beogh was noncommittal.
You were a tree.
You visited 1 branch of the dungeon, and saw 6 of its levels.

You collected 384 gold pieces.

Inventory:

Hand Weapons
 A - the +8 flail of Dividends (weapon) {antimagic, Fly}
   (You took it off an orc priest on level 6 of the Dungeon)

   Fly:       It grants you flight.
Missiles
 p - a throwing net (quivered)
Armour
 a - a +0 animal skin (melded)
Jewellery
 e - a +4 ring of protection (left branch)
 k - a ring of willpower
 q - a ring of see invisible (right branch)
Talismans
 c - a beast talisman (active)
 d - a flux talisman
Wands
 B - a wand of flame (8)
Scrolls
 f - a scroll of silence {unknown}
 o - 4 scrolls of identify
 t - a scroll of revelation {unknown}
 u - 2 scrolls of fear {unknown}
 v - a scroll of noise {unknown}
 w - a scroll of vulnerability {unknown}
 y - a scroll of blinking {unknown}
 z - a scroll of amnesia {unknown}
 C - a scroll of fog {unknown}
Potions
 b - 2 potions of lignification
 g - a potion of cancellation {unknown}
 h - a potion of curing
 i - 2 potions of attraction
 l - a potion of mutation {unknown}
 m - a potion of enlightenment {unknown}
 n - a potion of degeneration {unknown}
 r - a potion of ambrosia {unknown}
 s - a potion of might
 x - a potion of haste {unknown}


   Skills:
 + Level 5.1 Fighting
 + Level 5.3 Dodging
 * Level 9.5 Unarmed Combat
 * Level 8.9 Shapeshifting


You had 8 spell levels left.
You didn't know any spells.
Your spell library contained the following spells:

 Spells                   Type           Power      Damage    Failure   Level
 Apportation              Tloc           0%         N/A       45%         1
 Kiss of Death            Conj/Necr      0%         2d5       45%         1
 Necrotise                Necr           0%         1d4       45%         1
 Sting                    Conj/Alch      0%         1d3       45%         1
 Summon Small Mammal      Summ           0%         N/A       45%         1
 Confusing Touch          Hex            0%         N/A       83%         3
 Dispel Undead            Necr           0%         3d6       99%         4


Dungeon Overview and Level Annotations

Branches:
Dungeon (6/15)
 Temple: D:4-7

Altars:
Zin

Annotations:
D:6 Jeremiah


Innate Abilities, Weirdness & Mutations

You are a tree.
Your roots penetrate the ground, keeping you stationary.
You cannot be teleported.
You are immune to unholy pain and torment.
Your maximum health is greatly increased.
Your equipment is partially melded.
You are too large for most types of armour.
((You have claws for hands.))
Your natural rate of healing is unusually fast.
((You are covered in fur. (AC +1)))
((You have tough skin. (AC +1)))


Message History

Your Fighting skill gained 2 levels and is now at level 5!
Your Dodging skill gained 2 levels and is now at level 5!
Your Unarmed Combat skill gained 3 levels and is now at level 9!
Your Shapeshifting skill gained 3 levels and is now at level 8!
You have reached level 9!
Your experience leads to an increase in your attributes!
Increase (S)trength, (I)ntelligence, or (D)exterity?
You feel stronger. x3
Jeremiah hits you but does no damage.
You feel drained.
You miss the butterfly.
The butterfly disappears in a burst of colours!
Jeremiah hits you from afar with a +2 trident of draining.
* * * LOW HITPOINT WARNING * * *
You feel drained.
* * * LOW HITPOINT WARNING * * *
You closely miss the butterfly. Jeremiah hits you but does no damage.
You feel drained.
You closely miss the butterfly. Jeremiah hits you but does no damage.
You feel drained. Jeremiah hits you but does no damage.
You feel drained.
You closely miss the butterfly. Jeremiah hits you but does no damage.
You feel drained.
You closely miss the butterfly.
Jeremiah cries, "Fearful master, protect me!"
Something smites you!
* * * LOW HITPOINT WARNING * * *
Jeremiah hops!
Jeremiah is attracted toward you.
You bludgeon Jeremiah!!
Jeremiah is moderately wounded.
The butterfly disappears in a burst of colours! x2
Jeremiah zaps a wand.
You easily resist.
You barely miss Jeremiah.
Jeremiah is moderately wounded.
Jeremiah's eyes close briefly, then snap open.
Jeremiah hits you but does no damage.
You feel drained.
You bludgeon Jeremiah!!
Jeremiah is severely wounded.
Jeremiah mumbles a slurred invocation.
Something smites you!
You die...
Jeremiah says, "O terrible one, your will is done."

### ###########.#
#...b.bbF♣b.#
#.#########.# #.#
#.# #.# #.# #.#
#.# ####.#####
#.# #........#
#b# #........#
##.######
#........#
#.bF....#########


You could see Jeremiah.

Vanquished Creatures
  2 ice beasts
  An ogre (D:5)
  A phantom (D:6)
  A scorpion (D:5)
  3 bombardier beetles
  3 hounds
  An orc priest (D:6)
  2 iguanas
  4 orc wizards
  3 gnolls (D:2)
  6 adders
  2 white imps (D:5)
  4 ufetubi (D:5)
  4 dart slugs
  3 ribbon worms
  15 orcs
  8 endoplasms
  5 giant cockroaches
  10 hobgoblins
  15 jackals
  3 quokkas
  6 ball pythons
  5 bats
  4 frilled lizards
  8 goblins
  10 kobolds
  5 rats
134 creatures vanquished.

Vanquished Creatures (others)
  An orc priest (D:6)
1 creature vanquished.

Grand Total: 135 creatures vanquished

Notes
Turn   | Place    | Note
-------+----------+-------------------------------------------
     0 | D:1      | Lanoc the Troll Shapeshifter began the quest for the Orb.
     0 | D:1      | Reached XP level 1. HP: 18/18 MP: 0/0
   214 | D:1      | Reached XP level 2. HP: 26/26 MP: 1/1
   216 | D:1      | Reached skill level 1 in Fighting
   469 | D:1      | Reached XP level 3. HP: 33/33 MP: 2/2
  1174 | D:2      | Reached XP level 4. HP: 40/41 MP: 3/3
  1502 | D:2      | Reached skill level 4 in Unarmed Combat
  1629 | D:3      | Reached XP level 5. HP: 48/48 MP: 4/4
  1796 | D:3      | Reached XP level 6. HP: 55/57 MP: 5/5
  1952 | D:3      | Found a faded altar of an unknown god.
  2502 | D:4      | Found a glowing silver altar of Zin.
  2924 | D:5      | Entered Level 5 of the Dungeon
  2962 | D:5      | Reached skill level 5 in Unarmed Combat
  3298 | D:5      | Reached skill level 5 in Shapeshifting
  3298 | D:5      | Reached XP level 7. HP: 66/66 MP: 6/6
  3969 | D:6      | Identified the +8 flail of Dividends {antimagic, Fly}
  3982 | D:6      | Became a worshipper of Beogh the Shepherd
  4098 | D:6      | Reached skill level 6 in Unarmed Combat
  4104 | D:6      | Noticed Jeremiah
  4132 | D:6      | Reached XP level 8. HP: 68/75 MP: 2/7
  4204 | D:6      | Reached skill level 5 in Fighting
  4204 | D:6      | Reached skill level 5 in Dodging
  4204 | D:6      | Reached skill level 9 in Unarmed Combat
  4204 | D:6      | Reached XP level 9. HP: 15/78 MP: 2/8
  4212 | D:6      | Killed from afar by Jeremiah

Illustrated notes

Levels and vault maps discovered:
D:1:      dpeg_arrival_castle, layout_loops_corners
D:2:      layout_loops_cross
D:3:      layout_loops_ring, ebering_ecumenical_altar_petrified
D:4:      layout_cave_pods, overflow_temple_1_default
D:5:      layout_cave_pods, minmay_bent
D:6:      layout_basic, chequers_temple_overflow_statue_of_worship,
          uniq_jeremiah

Skill      XL: |  1  2  3  4  5  6  7  8 |
---------------+-------------------------+-----
Fighting       | 1 2 3 5 |  5.1
Dodging        | 2 3 5 |  5.3
Unarmed Combat | 4 5 6 9 |  9.5
Shapeshifting  | 4 5 8 |  8.9

Action                     |  1- 3 |  4- 6 |  7- 9 || total
---------------------------+-------+-------+-------++-------
  Melee: Unarmed           |    98 |   160 |    42 ||   300
         Punch             |     2 |     5 |     2 ||     9
         Flail             |       |       |    42 ||    42
 Invoke: Convert to Beogh  |       |       |     1 ||     1
    Use: Scroll            |       |     1 |       ||     1
         Potion            |       |       |     4 ||     4
 Armour: Animal skin       |    65 |   111 |    37 ||   213
         Skin              |       |       |    10 ||    10
  Dodge: Dodged            |    45 |    61 |    30 ||   136

Table legend: (Time is in decaauts)
 A = Elapsed time spent in this place.
 B = Non-inter-level travel time spent in this place.
 C = Inter-level travel time spent in this place.
 D = Time resting spent in this place.
 E = Time spent auto-exploring this place.
 F = Levels seen in this place.
 G = Mean time per level.
                   A        B        C        D        E       F      G
               +--------+--------+--------+--------+--------+-----+--------+
         Total |   4202 |   4128 |     74 |      2 |   3324 |   6 |  700.3 |
       Dungeon |   4202 |   4128 |     74 |      2 |   3324 |   6 |  700.3 |
               +--------+--------+--------+--------+--------+-----+--------+

Top non-repeatable levels by time:
     D:1: 990 daAuts
     D:5: 822 daAuts
     D:4: 699 daAuts
     D:3: 613 daAuts
     D:2: 602 daAuts
     D:6: 474 daAuts
